 Dungeon Crawl Stone Soup version 0.31-a0-149-g3fdcc5976a (webtiles) character file.

Game seed: 11140078877531532691

3222 jlumianski the Thaumaturge (level 10, -2/65 HPs)
             Began as a Djinni Fire Elementalist on June 7, 2023.
             Slain by Erica
             ... wielding a +3 scimitar of flaming
              (13 damage)
             ... on level 7 of the Dungeon.
             The game lasted 00:44:39 (6438 turns).

jlumianski the Thaumaturge (DjFE)                   Turns: 6438, Time: 00:44:40

Health: -2/65      AC: 11    Str:  7    XL:     10   Next: 18%
Gold:   327        EV: 15    Int: 22    God:
                   SH:  0    Dex: 13

rFire   + + .        g - +0 dagger (protect)
rCold   x . .        (no shield)
rNeg    . . .        a - +0 robe
rPois   ∞            b - +0 helmet
rElec   .            (no cloak)
rCorr   .            (no gloves)
SInv    .            (boots unavailable)
Will    +....        (no amulet)
Stlth   +++          c - +4 ring of protection
HPRegen 0.30/turn    l - +4 ring of protection
MPRegen 0.00/turn

%: infuse magic (-3 HP)
@: flying, slowed, very slow
A: sickness immunity, fire resistance 2, cold vulnerability 1, float, innate
caster, HP casting, extra vitality 1
a: no special abilities


You were on level 7 of the Dungeon.
You visited 1 branch of the dungeon, and saw 8 of its levels.
You also visited: Sewer.

You collected 327 gold pieces.

Inventory:

Hand Weapons
 e - a +0 spear
 g - a +0 dagger of protection (weapon)
 p - a +1 dire flail of holy wrath
 w - a +2 whip of electrocution
Missiles
 j - 7 poisoned darts
 r - 5 boomerangs
Armour
 a - a +0 robe (worn)
 b - a +0 helmet (worn)
Jewellery
 c - a +4 ring of protection (left hand)
 l - a +4 ring of protection (right hand)
Scrolls
 h - 3 scrolls of teleportation
 m - 2 scrolls of enchant weapon
 s - a scroll of poison {unknown}
 v - a scroll of magic mapping {unknown}
 x - a scroll of fear
Potions
 d - a potion of attraction
 f - 2 potions of curing
 i - a potion of haste
 k - a potion of magic
 n - a potion of brilliance
 o - a potion of enlightenment
 t - a potion of invisibility
 u - a potion of degeneration
 z - 2 potions of lignification {unknown}


   Skills:
 + Level 2.4 Fighting
 + Level 2.2 Short Blades
 + Level 7.1 Dodging
 + Level 4.6 Stealth
 - Level 0.1 Unarmed Combat
 * Level 8.4 Spellcasting
 * Level 8.4 Conjurations
 * Level 8.4 Hexes
 * Level 8.4 Summonings
 * Level 8.4 Necromancy
 * Level 8.4 Translocations
 * Level 8.4 Transmutations
 * Level 8.4 Fire Magic
 * Level 8.4 Ice Magic
 * Level 8.4 Air Magic
 * Level 8.4 Earth Magic
 * Level 8.4 Poison Magic


You knew the following spells:

 Your Spells              Type           Power      Damage    Failure   Level
a - Foxfire               Conj/Fire      100%       2x1d9     1%          1
b - Scorch                Fire           92%        2d9       1%          2
c - Volatile Blastmotes   Fire/Tloc      92%        2d17      1%          3
d - Inner Flame           Hex/Fire       46%        N/A       1%          3
e - Flame Wave            Conj/Fire      46%        2d12      2%          4
f - Sandblast             Erth           92%        2d19      1%          1
g - Passwall              Tmut/Erth      38%        N/A       1%          2
h - Spider Form           Tmut/Pois      46%        N/A       1%          3
i - Vampiric Draining     Necr           46%        2d9       1%          3
Your spell library was empty.

Dungeon Overview and Level Annotations

Branches:
Dungeon (8/15)              Sewer (visited)
 Temple: D:4-7         Lair: D:8-11

Altars:
Nemelex Xobeh
Qazlal
Wu Jian
The Shining One

Shops:
D:6 *

Annotations:
D:7 Erica


Innate Abilities, Weirdness & Mutations

You are immune to sickness and miasma.
You are immune to poison.
Your flesh is very heat resistant. (rF++)
You are vulnerable to cold. (rC-)
You float through the air rather than walking.
You learn spells naturally, not from books.
Your magical power is your life essence.
You have superior vitality. (+4 MHP)


Message History

Confirm with . or Enter, or press ? or * to list all spells.
Aiming: Vampiric Draining (safe; 1% risk of failure)
Press: ? - help, Shift-Dir - straight line, f/p - Erica
Aim: Erica, wielding a +3 scimitar of flaming and wearing a +0 robe (heavily wounded, fast)
You draw life force from Erica!
You feel life coursing into your body.
* * * LOW HITPOINT WARNING * * *
Erica gestures at you while chanting.
You feel yourself slow down.
Casting: Vampiric Draining (safe; 1% risk of failure)
Confirm with . or Enter, or press ? or * to list all spells.
Aiming: Vampiric Draining (safe; 1% risk of failure)
Press: ? - help, Shift-Dir - straight line, f/p - Erica
Aim: Erica, wielding a +3 scimitar of flaming and wearing a +0 robe (heavily wounded, fast)
You draw life force from Erica!
You feel life coursing into your body.
* * * LOW HITPOINT WARNING * * *
Erica casts a spell at you.
You feel as though you will be slow longer.
Erica hits you with a +3 scimitar of flaming!
* * * LOW HITPOINT WARNING * * *
Erica burns you.
* * * LOW HITPOINT WARNING * * *
Okay, then.
You feel better.
Erica hits you with a +3 scimitar of flaming.
* * * LOW HITPOINT WARNING * * *
Erica casts a spell at you. The lance of force misses you.
Erica gestures at you while chanting. You resist with some effort.
Casting: Vampiric Draining (safe; 1% risk of failure)
Confirm with . or Enter, or press ? or * to list all spells.
You conjure some foxfire!
* * * LOW HITPOINT WARNING * * *
Erica closely misses you. Erica barely misses you.
The foxfire hits Erica!
Erica is almost dead.
The foxfire hits Erica.
Erica is almost dead.
Erica hits you with a +3 scimitar of flaming!
You die...

#..........>..##.#
#
#.####.#####.###.#
# #.# ### #.# ###
#.# #.# #.. #.#
#.# #.# ###.###
#.# #.# #.....#
.######.#
.##....@####
.........
#......§@...#
#######.#
####.....##.# #.#
#.....# # #.#
##.#.## #.# #?###.
... #.# # ..# #.#
### ##


You could see Erica (fast).

Vanquished Creatures
  Pikel (D:6)
  Grinder (D:3)
  3 sky beasts
  2 black bears
  2 orc warriors
  Pargi (Sewer)
  An ogre (D:6)
  2 lemures (D:6)
  A phantom (D:7)
  3 bullfrogs
  3 scorpions
  10 killer bees
  A howler monkey (D:5)
  4 hounds
  A jelly (D:4)
  2 human zombies (D:4)
  7 orc priests
  A human skeleton (D:4)
  3 sleepcaps
  Natasha (D:1)
  2 iguanas
  2 orc wizards
  5 gnolls
  7 adders
  A river rat (D:5)
  A white imp (D:6)
  An ufetubus (D:5)
  7 worms
  2 dart slugs (D:1)
  14 orcs
  7 ball pythons
  11 endoplasms
  3 giant cockroaches
  8 goblins
  8 hobgoblins
  3 jackals (D:1)
  3 quokkas
  9 bats
  2 frilled lizards
  5 kobolds
  2 orc skeletons (D:4)
  An orc zombie (D:4)
  5 rats
159 creatures vanquished.

Vanquished Creatures (others)
  380 foxfires
380 creatures vanquished.

Grand Total: 539 creatures vanquished

Notes
Turn   | Place    | Note
-------+----------+-------------------------------------------
     0 | D:1      | jlumianski the Djinni Fire Elementalist began the quest for
                  | the Orb.
     0 | D:1      | jlumianski set off with the following spells memorised:
                  | Foxfire, Scorch, Volatile Blastmotes, Inner Flame, Flame
                  | Wave.
     0 | D:1      | Reached XP level 1. HP: 15/15 MP: 0/0
   101 | D:1      | Reached XP level 2. HP: 10/21 MP: 0/0
   237 | D:1      | Reached XP level 3. HP: 24/25 MP: 0/0
   237 | D:1      | Learned a level 1 spell: Sandblast
   325 | D:2      | You are sucked into a shaft and drop 2 floors!
   488 | D:3      | Reached XP level 4. HP: 16/31 MP: 0/0
   589 | D:3      | Reached XP level 5. HP: 23/35 MP: 0/0
   589 | D:3      | Learned a level 2 spell: Passwall
   674 | D:5      | Entered Level 5 of the Dungeon
   741 | D:5      | Reached XP level 6. HP: 26/40 MP: 0/0
   801 | D:5      | Found a glowing drain.
   805 | Sewer    | Entered a sewer
   902 | Sewer    | Noticed Pargi
   909 | Sewer    | Killed Pargi
  1191 | D:4      | Reached XP level 7. HP: 38/45 MP: 0/0
  1191 | D:4      | Learned a level 3 spell: Spider Form
  1654 | D:2      | Reached skill level 1 in Short Blades
  2002 | D:2      | Reached skill level 5 in Spellcasting
  2002 | D:2      | Reached skill level 5 in Conjurations
  2002 | D:2      | Reached skill level 5 in Hexes
  2002 | D:2      | Reached skill level 5 in Summonings
  2002 | D:2      | Reached skill level 5 in Necromancy
  2002 | D:2      | Reached skill level 5 in Translocations
  2002 | D:2      | Reached skill level 5 in Transmutations
  2002 | D:2      | Reached skill level 5 in Fire Magic
  2002 | D:2      | Reached skill level 5 in Ice Magic
  2002 | D:2      | Reached skill level 5 in Air Magic
  2002 | D:2      | Reached skill level 5 in Earth Magic
  2002 | D:2      | Reached skill level 5 in Poison Magic
  2026 | D:2      | Noticed Natasha
  2079 | D:1      | Killed Natasha
  2274 | D:1      | Reached skill level 5 in Dodging
  2581 | D:2      | Found a faded altar of an unknown god.
  2814 | D:3      | Noticed Grinder
  2818 | D:3      | Paralysed by Grinder for 2 turns
  2829 | D:3      | Killed Grinder
  2830 | D:3      | Reached skill level 1 in Fighting
  2830 | D:3      | Reached XP level 8. HP: 38/52 MP: 0/0
  4502 | D:6      | Found a sparkling altar of Nemelex Xobeh.
  4510 | D:6      | Found a stormy altar of Qazlal.
  4511 | D:6      | Found a glowing golden altar of the Shining One.
  4513 | D:6      | Found an ornate altar of the Wu Jian Council.
  4835 | D:5      | Reached XP level 9. HP: 10/57 MP: 0/0
  4835 | D:5      | Learned a level 3 spell: Vampiric Draining
  5415 | D:6      | Found Ceahiawni's Neck Hole.
  5576 | D:6      | Noticed Pikel
  5582 | D:6      | Killed Pikel
  6265 | D:7      | Reached XP level 10. HP: 62/64 MP: 0/0
  6417 | D:8      | Noticed Erica
  6438 | D:7      | Slain by Erica

Illustrated notes

Levels and vault maps discovered:
D:1:      nicolae_arrival_somewhat_less_tricky_arrival, layout_rooms
D:2:      layout_rooms, hellmonk_ecumenical_altar_pennies_from_heaven,
          basic_altar, uniq_natasha
D:3:      layout_loops_ring, nicolae_figureground_pulse, uniq_grinder
D:4:      layout_basic, nicolae_ossuary_entry_catacombs, hangedman_decor_lopped,
          nicolae_wormholes
D:5:      layout_basic, gup_sewer_entry_bowl
D:6:      layout_loops_ring, grunt_temple_overflow_open,
          nicolae_shop_sticking_my_neck_out, uniq_pikel
D:7:      layout_loops_ring, minmay_temple_entry_enclosed_plants
D:8:      layout_loops_ring, lemuel_crystal_altar, uniq_erica, uniq_grum

Skill      XL: |  1  2  3  4  5  6  7  8  9 10 |
---------------+-------------------------------+-----
Spellcasting   | 4 5 6 8 |  8.4
Conjurations   | 4 5 6 8 |  8.4
Hexes          | 4 5 6 8 |  8.4
Summonings     | 4 5 6 8 |  8.4
Necromancy     | 4 5 6 8 |  8.4
Translocations | 4 5 6 8 |  8.4
Transmutations | 4 5 6 8 |  8.4
Fire Magic     | 4 5 6 8 |  8.4
Ice Magic      | 4 5 6 8 |  8.4
Air Magic      | 4 5 6 8 |  8.4
Earth Magic    | 4 5 6 8 |  8.4
Poison Magic   | 4 5 6 8 |  8.4
Stealth        | 2 3 4 |  4.6
Dodging        | 3 4 5 6 7 |  7.1
Short Blades   | 1 2 |  2.2
Fighting       | 1 2 |  2.4
Unarmed Combat | |  0.1

Action                     |  1- 3 |  4- 6 |  7- 9 | 10-12 || total
---------------------------+-------+-------+-------+-------++-------
  Melee: Unarmed           |     8 |       |    12 |       ||    20
         Dagger            |     6 |    45 |    72 |    13 ||   136
         Punch             |       |       |     3 |       ||     3
   Cast: Foxfire           |    37 |    41 |   122 |     7 ||   207
         Scorch            |       |     7 |    32 |     4 ||    43
         Volatile Blastmot |       |     1 |    14 |       ||    15
         Flame Wave        |       |       |     3 |     1 ||     4
         Sandblast         |       |       |    26 |     2 ||    28
         Spider Form       |       |       |     2 |       ||     2
         Inner Flame       |       |       |     3 |       ||     3
         Vampiric Draining |       |       |     1 |     3 ||     4
    Use: Scroll            |     1 |     2 |     5 |     1 ||     9
         Potion            |       |       |     4 |     2 ||     6
   Stab: Sleeping          |       |     3 |     6 |     1 ||    10
 Armour: Robe              |    12 |    34 |    91 |     7 ||   144
         Skin              |       |       |     1 |       ||     1
  Dodge: Dodged            |    17 |    46 |   189 |    35 ||   287

Table legend: (Time is in decaauts)
 A = Elapsed time spent in this place.
 B = Non-inter-level travel time spent in this place.
 C = Inter-level travel time spent in this place.
 D = Time resting spent in this place.
 E = Time spent auto-exploring this place.
 F = Levels seen in this place.
 G = Mean time per level.
                   A        B        C        D        E       F      G
               +--------+--------+--------+--------+--------+-----+--------+
         Total |   6459 |   6311 |    148 |    699 |   3640 |   9 |  717.7 |
       Dungeon |   6286 |   6138 |    148 |    685 |   3640 |   8 |  785.8 |
         Sewer |    173 |    173 |      0 |     14 |      0 |   1 |  173.0 |
               +--------+--------+--------+--------+--------+-----+--------+

Top non-repeatable levels by time:
     D:4: 1306 daAuts
     D:6: 1052 daAuts
     D:5: 1019 daAuts
     D:3: 963 daAuts
     D:1: 762 daAuts
     D:2: 684 daAuts
     D:7: 483 daAuts
   Sewer: 173 daAuts
     D:8: 13 daAuts
